 Dungeon Crawl Stone Soup version 0.31-a0-1614-ge65d87d (webtiles) character file.

Game seed: 16179935606005141490

7345 PidgeyThePirate the Slicer (level 10, -4/115 HPs)
             Began as a Demonspawn Fighter on Jan 9, 2024.
             Was a Priest of Wu Jian.
             Slain by an orc warrior
             ... wielding a +0 halberd
              (9 damage)
             ... in a bailey.
             The game lasted 00:21:03 (10762 turns).

PidgeyThePirate the Slicer (Demonspawn Fighter)    Turns: 10762, Time: 00:21:04

Health: -4/115     AC: 17    Str: 27    XL:     10   Next: 91%
Magic:  10/10      EV: 12    Int:  8    God:    Wu Jian [***...]
Gold:   486        SH:  0    Dex: 13    Spells: 9/9 levels left

rFire   . . .        a - +0 rapier
rCold   . . .        (no shield)
rNeg    . . .        b - +0 scale mail
rPois   .            (no helmet)
rElec   .            B - +1 cloak
rCorr   .            (gloves unavailable)
SInv    .            H - +2 pair of boots
Will    .....        e - amulet of faith Stlth
                     w - +6 ring of strength
HPRegen 0.39/turn    (no ring)
MPRegen 0.12/turn

%: faith
@: brilliant, berserking, attractive, very quick
A: slimy green scales 2, demonic guardian 1, spiny 1, demonic touch 3
a: Renounce Religion, Wall Jump, Serpent's Lash


You were in a bailey.
You worshipped Wu Jian.
Wu Jian was most pleased with you.
You visited 1 branch of the dungeon, and saw 10 of its levels.
You also visited: Bailey.

You collected 486 gold pieces.

Inventory:

Hand Weapons
 a - a +0 rapier (weapon)
 G - a +2 dagger of venom
Armour
 b - a +0 scale mail (worn)
 B - a +1 cloak (worn)
 F - a scarf of invisibility
 H - a +2 pair of boots (worn)
Jewellery
 e - an amulet of faith (around neck)
 l - an amulet of guardian spirit
 w - a +6 ring of strength (left hand)
 y - a ring of ice
 E - a ring of magical power
Wands
 n - a wand of light (23)
 t - a wand of flame (32)
 C - a wand of digging (4)
Scrolls
 c - a scroll of immolation {unknown}
 d - 8 scrolls of identify {unknown}
 f - a scroll of brand weapon {unknown}
 g - a scroll of amnesia {unknown}
 k - 2 scrolls of silence {unknown}
 m - a scroll of blinking {unknown}
 o - a scroll of enchant weapon {unknown}
 p - 2 scrolls of teleportation {unknown}
 r - 4 scrolls of enchant armour {unknown}
 u - 2 scrolls of fear {unknown}
 x - 2 scrolls of noise {unknown}
 z - 6 scrolls of fog {unknown}
 D - a scroll of acquirement {unknown}
 I - a scroll of vulnerability {unknown}
 J - a scroll of summoning {unknown}
Potions
 h - a potion of attraction
 i - a potion of lignification
 s - a potion of curing
 v - a potion of enlightenment {unknown}
 A - a potion of degeneration {unknown}
 K - a potion of invisibility {unknown}


   Skills:
 + Level 6.6 Fighting
 * Level 11.3 Short Blades
 + Level 8.7 Armour
 + Level 4.0 Dodging
 - Level 2.8 Shields


You had 9 spell levels left.
You didn't know any spells.
Your spell library contained the following spells:

 Spells                   Type           Power      Damage    Failure   Level
 Apportation              Tloc           0%         N/A       65%         1
 Jinxbite                 Hex            0%         N/A       78%         2
 Stone Arrow              Conj/Erth      0%         3d7       95%         3
 Animate Armour           Summ/Erth      0%         N/A       100%        4
 Alistair's Intoxication  Alch           0%         N/A       100%        5
 Lehudib's Crystal Spear  Conj/Erth      0%         10d2      100%        8


Dungeon Overview and Level Annotations

Branches:
Dungeon (10/15)            Temple (0/1) D:7          Bailey (1/1)
   Lair: D:8-11         Orc: D:9-12

Altars:
Gozag
Nemelex Xobeh
Sif Muna
Trog
Wu Jian

Annotations:
D:6 1 runed translucent door, Crazy Yiuf


Innate Abilities, Weirdness & Mutations

You are mostly covered in slimy green scales. (AC +3)
A weak demonic guardian rushes to your aid.
You are partially covered in sharp spines.
Your touch may irresistibly damage your foes and sap their willpower.


Message History

You sap its willpower!
The orc warrior is almost dead.
You spin and attack the orc warrior.
You closely miss the orc warrior.
The orc knight hits you from afar with a +0 halberd!
The orc warrior closely misses you.
An orc warrior comes into view. It is wielding a +0 halberd.
The orc warrior hits you with a +0 trident!
The orc knight is attracted toward you.
The orc warrior is attracted toward you.
Items here: $ )) [[ ††.
You puncture the orc knight!
The orc knight is moderately wounded.
The orc knight hits you with a +0 halberd!
* * * LOW HITPOINT WARNING * * *
The orc warrior is attracted toward you.
You are too berserk!
Unknown command.
You are too berserk!
You are too berserk!
An orc comes into view. It is wielding a +0 spear.
You spin and attack the orc warrior repeatedly.
You closely miss the orc warrior. You barely miss the orc warrior.
The orc shouts!
The orc warrior hits you with a +0 spear.
* * * LOW HITPOINT WARNING * * *
The orc warrior hits you from afar with a +0 trident!
* * * LOW HITPOINT WARNING * * *
The orc warrior is attracted toward you.
The orc is attracted toward you.
Items here: $ ) [ †.
An orc comes into view. It is wielding a +0 trident.
You spin and attack the orc warrior repeatedly.
You closely miss the orc warrior. You barely miss the orc warrior.
Your touch misses the orc warrior.
The orc knight roars a battlecry!
The orcs go into a battle-frenzy!
Your iron imp hits the orc knight but does no damage.
The orc warrior barely misses you.
The orc warrior hits you with a +0 halberd!
You die...

##..........##
#............###
.♣............♣♣
###.♣♣.......♣.♣..♣#
♣.......5........≈≈#
......#oo..#....≈≈≈#
..≈≈≈≈#o$..#≈≈≈≈≈≈≈#
≈≈≈≈≈ #$)..#≈≈≈≈≈≈≈#
≈≈≈≈≈ #o@..#≈≈≈≈≈≈≈#
≈≈≈≈≈≈#§)..#≈≈≈≈≈♣♣#
≈≈≈...#)...#...♣♣♣♣
≈......o§....♣....♣#
...................#
.####..§.....####..#
####$'#### #.##
#...o..).o.....###
##...8....8...#


You could see an orc knight (ally target), 3 orc warriors, 2 orcs and a friendly
iron imp (summoned).

Vanquished Creatures
  2 centaur zombies (D:10)
  Joseph (D:9)
  Jeremiah (D:7)
  2 centaur skeletons (D:10)
  A kobold demonologist (D:8)
  2 hellwings (D:10)
  A meliai zombie (D:10)
  A vampire (D:9)
  4 wyverns
  3 yaks (D:10)
  A steam dragon (D:7)
  A water moccasin (D:6)
  6 orc warriors
  A sky beast (D:8)
  A hornet zombie (D:10)
  An ice beast (D:7)
  2 black bears
  An ogre (D:7)
  3 centaurs (D:8)
  2 kobold brigands
  Blork the orc (D:4)
  2 bullfrogs
  A scorpion (D:4)
  9 wights
  4 killer bees (D:8)
  2 howler monkeys (D:5)
  A bombardier beetle (D:5)
  A gnoll bouda (D:9)
  3 hounds
  2 jellies (D:5)
  2 orc priests
  2 iguanas
  A sleepcap (D:6)
  4 orc wizards
  Terence (D:2)
  11 adders
  8 gnolls
  5 shadow imps (D:10)
  3 white imps
  4 ufetubi (D:5)
  5 ribbon worms
  2 dart slugs
  40 orcs
  8 endoplasms
  3 giant cockroaches
  8 goblins
  5 hobgoblins
  14 jackals
  5 quokkas
  5 ball pythons
  7 bats
  2 frilled lizards
  12 kobolds
  22 rats
242 creatures vanquished.

Vanquished Creatures (collateral kills)
  A kobold (D:9)
1 creature vanquished.

Grand Total: 243 creatures vanquished

Notes
Turn   | Place    | Note
-------+----------+-------------------------------------------
     0 | D:1      | PidgeyThePirate the Demonspawn Fighter began the quest for
                  | the Orb.
     0 | D:1      | Reached XP level 1. HP: 18/18 MP: 1/1
   227 | D:1      | Reached skill level 2 in Short Blades
   227 | D:1      | Gained mutation: Your touch may inflict minor irresistible
                  | damage on your foes. [demonic ancestry]
   227 | D:1      | Reached XP level 2. HP: 24/24 MP: 2/2
   925 | D:2      | Gained mutation: Your touch may inflict irresistible damage
                  | on your foes. [demonic ancestry]
   925 | D:2      | Reached XP level 3. HP: 23/29 MP: 3/3
  1339 | D:2      | Reached XP level 4. HP: 34/35 MP: 4/4
  1475 | D:2      | Reached skill level 3 in Short Blades
  1661 | D:2      | Noticed Terence
  1671 | D:2      | Killed Terence
  2003 | D:3      | Found a faded altar of an unknown god.
  2005 | D:3      | Noticed a shining eye
  2035 | D:3      | Noticed a golden eye
  2035 | D:3      | Noticed an eye of devastation
  2035 | D:3      | Noticed a glass eye
  2295 | D:3      | Gained mutation: You are partially covered in sharp spines.
                  | [demonic ancestry]
  2295 | D:3      | Reached XP level 5. HP: 34/41 MP: 5/5
  2826 | D:4      | Reached skill level 4 in Short Blades
  3474 | D:4      | Noticed Blork the orc
  3484 | D:4      | Killed Blork the orc
  3485 | D:4      | Reached skill level 1 in Dodging
  3485 | D:4      | Reached XP level 6. HP: 29/48 MP: 6/6
  3762 | D:5      | Entered Level 5 of the Dungeon
  3853 | D:5      | Reached skill level 5 in Short Blades
  3862 | D:5      | Gained mutation: You are partially covered in slimy green
                  | scales. (AC +2) [demonic ancestry]
  3862 | D:5      | Reached XP level 7. HP: 17/53 MP: 7/7
  4805 | D:5      | Found an ornate altar of the Wu Jian Council.
  4814 | D:5      | Became a worshipper of the Wu Jian Council
  4899 | D:5      | Found a shimmering blue altar of Sif Muna.
  5010 | D:6      | Reached skill level 6 in Short Blades
  5010 | D:6      | Reached skill level 5 in Armour
  5537 | D:6      | Found a runed translucent door.
  5538 | D:6      | Noticed Crazy Yiuf
  5688 | D:6      | Gained mutation: Your touch may irresistibly damage your
                  | foes and sap their willpower. [demonic ancestry]
  5688 | D:6      | Reached XP level 8. HP: 61/61 MP: 8/8
  6405 | D:7      | Reached skill level 7 in Short Blades
  6837 | D:7      | Found a bloodstained altar of Trog.
  6909 | D:7      | Reached * piety under Wu Jian
  6924 | D:7      | Found a staircase to the Ecumenical Temple.
  7290 | D:8      | Reached skill level 5 in Fighting
  7507 | D:8      | Reached skill level 8 in Short Blades
  7660 | D:8      | Noticed a kobold demonologist
  7669 | D:8      | Noticed a soul eater
  7687 | D:8      | Killed a kobold demonologist
  7688 | D:8      | Gained mutation: A weak demonic guardian rushes to your
                  | aid. [demonic ancestry]
  7688 | D:8      | Reached XP level 9. HP: 65/68 MP: 9/9
  8377 | D:8      | Noticed Jeremiah
  8414 | D:8      | Reached skill level 9 in Short Blades
  8517 | D:7      | Killed Jeremiah
  8807 | D:9      | Reached ** piety under Wu Jian
  8904 | D:9      | Found a sparkling altar of Nemelex Xobeh.
  9455 | D:9      | Noticed a two-headed ogre
  9714 | D:9      | Noticed Joseph
  9732 | D:9      | Killed Joseph
  9733 | D:9      | Gained mutation: You are mostly covered in slimy green
                  | scales. (AC +3) [demonic ancestry]
  9733 | D:9      | Reached XP level 10. HP: 53/76 MP: 10/10
 10000 | D:10     | Entered Level 10 of the Dungeon
 10007 | D:10     | Found an opulent altar of Gozag.
 10021 | D:10     | Reached skill level 10 in Short Blades
 10415 | D:10     | Found a flagged portal.
 10439 | D:10     | Reached skill level 11 in Short Blades
 10522 | Bailey   | Entered a bailey
 10678 | Bailey   | Reached *** piety under Wu Jian
 10748 | Bailey   | Noticed an orc knight
 10761 | Bailey   | HP: 5/115 [orc warrior/+0 trident (16)]
 10762 | Bailey   | Slain by an orc warrior

Illustrated notes

Levels and vault maps discovered:
D:1:      sevenhm_arrival_forest_fort_small_4, layout_basic
D:2:      layout_loops_cross, uniq_terence
D:3:      layout_basic, hellmonk_ecumenical_altar_watching_god,
          minmay_misc_feat_four_crosses, minmay_rat_hole
D:4:      layout_basic, uniq_blork_the_orc
D:5:      layout_rooms, nzn_wu_jian_contemplation, lemuel_blue_sif_altar
D:6:      layout_layer_cave, uniq_crazy_yiuf_cottage
D:7:      layout_gridville, mainiacjoe_overflow_catwalk,
          minmay_temple_entry_enclosed_plants,
          hangedman_abyss_or_decor_jellyfish_corner, nicolae_nh_ransacked_shop
D:8:      layout_rooms, minmay_misc_feat_plants, hex_medium, uniq_jeremiah
D:9:      layout_irregular_city, nemelex_diamond_rough_becter, uniq_joseph
D:10:     cheibrodos_grave_circle, layout_loops_ring,
          nicolae_gozag_seed_capital, grunt_temple_overflow_diamond,
          minmay_orc_entry_temple_small, enter_bailey_2, serial_shops, shop,
          uniq_erica
Bailey:   bailey_polearm_elven_captive_hellmonk, bailey

Skill      XL: |  1  2  3  4  5  6  7  8  9 10 |
---------------+-------------------------------+-----
Short Blades   | 2 3 4 5 6 8 9 11 | 11.3
Armour         | 3 4 5 6 7 8 |  8.7
Dodging        | 1 2 3 4 |  4.0
Fighting       | 4 5 6 |  6.6
Shields        | |  2.8

Action                     |  1- 3 |  4- 6 |  7- 9 | 10-12 || total
---------------------------+-------+-------+-------+-------++-------
  Melee: Rapier            |   130 |   151 |   289 |   202 ||   772
         Touch             |    13 |    26 |    58 |    55 ||   152
         Punch             |       |       |     6 |     2 ||     8
         Dagger            |       |       |    79 |       ||    79
Ability: Lunge             |       |       |    27 |    18 ||    45
         Whirlwind         |       |       |    26 |    16 ||    42
    Use: Potion            |       |     1 |     7 |     3 ||    11
 Armour: Scale mail        |    88 |   117 |   271 |   136 ||   612
         Skin              |       |       |     6 |       ||     6
  Dodge: Dodged            |    65 |    92 |   123 |    95 ||   375
  Block: Buckler           |     6 |       |       |       ||     6

Table legend: (Time is in decaauts)
 A = Elapsed time spent in this place.
 B = Non-inter-level travel time spent in this place.
 C = Inter-level travel time spent in this place.
 D = Time resting spent in this place.
 E = Time spent auto-exploring this place.
 F = Levels seen in this place.
 G = Mean time per level.
                   A        B        C        D        E       F      G
               +--------+--------+--------+--------+--------+-----+--------+
         Total |  10678 |  10392 |    286 |      0 |   8302 |  11 |  970.7 |
       Dungeon |  10446 |  10160 |    286 |      0 |   8132 |  10 | 1044.6 |
        Bailey |    232 |    232 |      0 |      0 |    170 |   1 |  232.0 |
               +--------+--------+--------+--------+--------+-----+--------+

Top non-repeatable levels by time:
     D:7: 1645 daAuts
     D:6: 1432 daAuts
     D:4: 1216 daAuts
     D:8: 1099 daAuts
     D:9: 1072 daAuts
     D:2: 1042 daAuts
     D:1: 921 daAuts
     D:3: 802 daAuts
     D:5: 728 daAuts
    D:10: 485 daAuts
  Bailey: 232 daAuts
